 Dungeon Crawl Stone Soup version 0.31-a0-222-gefeffbb62a (webtiles) character file.

Game seed: 9143154362043147157

116 Pooter the Shooter (level 4, -4/42 HPs)
             Began as a Troll Hunter on July 5, 2023.
             Was an Initiate of Makhleb.
             Slain by Menkaure (16 damage)
             ... on level 4 of the Dungeon.
             The game lasted 00:16:13 (2073 turns).

Pooter the Shooter (Troll Hunter)                   Turns: 2073, Time: 00:16:14

Health: -4/42      AC:  9    Str: 19    XL:     4   Next: 69%
Magic:  3/3        EV: 10    Int:  5    God:    Makhleb [......]
Gold:   225        SH:  0    Dex: 15    Spells: 3/3 levels left

rFire   . .          .
                       - Unarmed
rCold   . . .        (no shield)
rNeg    . . .        c - +0 robe
rPois   .            (helmet restricted)
rElec   .            n - +0 cloak
rCorr   .            (gloves unavailable)
SInv    .            (boots unavailable)
Will    .....        (no amulet)
Stlth   +            h - +4 ring of protection
HPRegen 1.07/turn    (no ring)
MPRegen 0.08/turn

%: no passive effects
@: no status effects
A: large, unfitting armour, claws 3, regeneration 1, shaggy fur 1, tough skin 1
a: Renounce Religion


You were on level 4 of the Dungeon.
You worshipped Makhleb.
Makhleb was noncommittal.
You visited 1 branch of the dungeon, and saw 4 of its levels.

You collected 225 gold pieces.

Inventory:

Hand Weapons
 b - a +0 shortbow
Missiles
 a - 8 poisoned darts
 i - 6 silver javelins
 k - a boomerang
 m - 2 curare-tipped darts
 Q - 20 stones
Armour
 c - a +0 robe (worn)
 n - a +0 cloak (worn)
   (You found it on level 4 of the Dungeon)
Jewellery
 h - a +4 ring of protection (left claw)
   (You found it on level 2 of the Dungeon)
Wands
 d - a wand of iceblast (11)
   (You took it off Ijyb on level 4 of the Dungeon)
Scrolls
 e - 3 scrolls of torment {!r}
 f - a scroll of noise {!r}
 j - a scroll of acquirement {unknown}
 o - a scroll of vulnerability {unknown}
 t - 2 scrolls of teleportation {@r4}
 x - a scroll of butterflies
Potions
 g - 2 potions of enlightenment
 l - 2 potions of lignification {unknown}


   Skills:
 + Level 2.2 Fighting
 * Level 3.3 Ranged Weapons
 - Level 1.5 Dodging
 - Level 0.3 Stealth
 * Level 2.6 Unarmed Combat
 + Level 0.4 Transmutations


You had 3 spell levels left.
You didn't know any spells.
Your spell library contained the following spells:

 Spells                   Type           Power      Damage    Failure   Level
 Lesser Beckoning         Tloc           0%         N/A       63%         2
 Gell's Gravitas          Tloc           0%         N/A       85%         3
 Portal Projectile        Hex/Tloc       0%         N/A       85%         3
 Teleport Other           Tloc           0%         N/A       85%         3
 Tukima's Dance           Hex            0%         N/A       85%         3
 Blade Hands              Tmut           0%         N/A       100%        5


Dungeon Overview and Level Annotations

Branches:
Dungeon (4/15) Zot: 21912
 Temple: D:4-7

Altars:
Makhleb

Annotations:
D:3 1 runed translucent door, Pokonic1's ghost, weakling DsFi
D:4 Menkaure


Innate Abilities, Weirdness & Mutations

You are too large for most types of armour.
You have claws for hands.
Your natural rate of healing is unusually fast.
You are covered in fur. (AC +1)
You have tough skin. (AC +1)


Message History

b - a +0 shortbow (weapon)
The kobold barely misses you.
You shoot an arrow. The arrow hits the kobold!
You kill the kobold!
Makhleb accepts your kill.
Q - 20 stones (gained 1)
You see here a +0 short sword.
d - a wand of iceblast (11);
a - 8 poisoned darts;
m - 2 curare-tipped darts
Items here: )) [ ††.
Okay, then.
Found a cloak and a mace.
n - a +0 cloak You start putting on your armour.
You continue putting on your +0 cloak. x4
You finish putting on your +0 cloak.
A hobgoblin comes into view.
You shoot an arrow. The arrow hits the hobgoblin.
The hobgoblin shouts!
You shoot an arrow. The arrow barely misses the hobgoblin.
You shoot an arrow. The arrow hits the hobgoblin.
You kill the hobgoblin!
Makhleb accepts your kill.
A hobgoblin comes into view.
You shoot an arrow. The hobgoblin shouts!
The arrow hits the hobgoblin!
You kill the hobgoblin!
Makhleb accepts your kill.
Found a scroll labelled LOSHRI MEM QIO.
o - a scroll labelled LOSHRI MEM QIO
Found 16 gold pieces.
Found a stone staircase leading down and a stone staircase leading up.
Menkaure, Prince of Dust comes into view.
You shoot an arrow. The arrow barely misses Menkaure.
Menkaure shouts!
Menkaure grins.
Menkaure mumbles some strange words.
Menkaure seems to speed up.
You shoot an arrow. The arrow hits Menkaure.
You shoot an arrow. The arrow hits Menkaure.
Menkaure calls on the powers of darkness!
Your body is wracked with pain!
You are too injured to fight recklessly!
You are now empty-clawed.
Menkaure mumbles, "It doesn't hurt if you pull your brain out of your nose yourself."
Found a sedimented purple potion.
Menkaure points at you and mumbles some strange words.
Pain shoots through your body!
* * * LOW HITPOINT WARNING * * *
You barely miss Menkaure. Menkaure hits you!
You die...

#####.#)## #.# ..
######.## #.# #.
#..)...# #.#.< .
#.###### #####.#> .. #.#
#....$. ... #.#
#.....### .... #.#
##.......# .... #.#
#........#..#... #.#
#.......@M...... #.#
#.......#....... ..#
##.....##....... #.#
#.............. #.#
#...####.......
#.########...#####.....#
#...................#!##
..##.........########.#
#.##.#####..##


You could see Menkaure (fast).

Vanquished Creatures
  Ijyb (D:4)
  A gnoll (D:1)
  3 dart slugs
  An orc (D:3)
  7 endoplasms
  3 giant cockroaches (D:2)
  8 goblins
  5 hobgoblins
  4 jackals (D:1)
  8 kobolds
  5 quokkas
  6 ball pythons
  5 bats
  7 frilled lizards
  5 rats
69 creatures vanquished.

Notes
Turn   | Place    | Note
-------+----------+-------------------------------------------
     0 | D:1      | Pooter the Troll Hunter began the quest for the Orb.
     0 | D:1      | Reached XP level 1. HP: 19/19 MP: 0/0
    98 | D:1      | Reached XP level 2. HP: 28/28 MP: 1/1
   105 | D:1      | Reached skill level 1 in Unarmed Combat
   134 | D:1      | You fall into a shaft and drop 1 floor!
   345 | D:1      | Reached skill level 3 in Ranged Weapons
   405 | D:1      | Reached XP level 3. HP: 35/35 MP: 2/2
   956 | D:2      | Reached XP level 4. HP: 42/42 MP: 3/3
  1305 | D:3      | Found a burning altar of Makhleb.
  1310 | D:3      | Became a worshipper of Makhleb the Destroyer
  1356 | D:3      | Found a runed translucent door.
  1356 | D:3      | Noticed Pokonic1's ghost (weakling DsFi)
  1509 | D:3      | Found a faded altar of an unknown god.
  1984 | D:4      | Noticed Ijyb
  1987 | D:4      | Killed Ijyb
  2066 | D:4      | Noticed Menkaure
  2073 | D:4      | Slain by Menkaure

Illustrated notes

Levels and vault maps discovered:
D:1:      minmay_arrival_cross, layout_loops_ring, serial_bayou,
          serial_bayou_pond_c, serial_bayou_crossing, serial_bayou_ford_a,
          serial_bayou_pond_c, serial_bayou_pond_d, serial_bayou_pond_d
D:2:      layout_basic, kennysheep_cross_room, hangedman_decor_push,
          glass_columns_a, minmay_tetromino_t2
D:3:      layout_basic, mainiacjoe_overflow_alcove_1,
          shapermc_ecumenical_altar_mp_ritualfount,
          hellmonk_ghost_happy_afterlife
D:4:      layout_loops_ring, overflow_temple_1_default,
          minmay_temple_entry_ruins, uniq_menkaure, uniq_eustachio,
          uniq_blork_the_orc, uniq_ijyb, uniq_grinder

Skill      XL: |  1  2  3 |
---------------+----------+-----
Unarmed Combat | 1 2 |  2.6
Ranged Weapons | 3 |  3.3
Fighting       | 2 |  2.2
Dodging        | |  1.5
Stealth        | |  0.3
Transmutations | |  0.4

Action                     |  1- 3 |  4- 6 || total
---------------------------+-------+-------++-------
  Melee: Unarmed           |    44 |     2 ||    46
   Fire: Shortbow          |    76 |    59 ||   135
  Throw: Dart              |       |     2 ||     2
    Use: Scroll            |     3 |     1 ||     4
 Armour: Robe              |     9 |     8 ||    17
  Dodge: Dodged            |    24 |    14 ||    38

Table legend: (Time is in decaauts)
 A = Elapsed time spent in this place.
 B = Non-inter-level travel time spent in this place.
 C = Inter-level travel time spent in this place.
 D = Time resting spent in this place.
 E = Time spent auto-exploring this place.
 F = Levels seen in this place.
 G = Mean time per level.
                   A        B        C        D        E       F      G
               +--------+--------+--------+--------+--------+-----+--------+
         Total |   2086 |   2016 |     70 |     14 |   1549 |   4 |  521.5 |
       Dungeon |   2086 |   2016 |     70 |     14 |   1549 |   4 |  521.5 |
               +--------+--------+--------+--------+--------+-----+--------+

Top non-repeatable levels by time:
     D:1: 854 daAuts
     D:3: 658 daAuts
     D:2: 457 daAuts
     D:4: 116 daAuts
